 Dungeon Sprint DCSS version 0.23.1 (webtiles) character file.

Game seed: 1557248250582201790

1230 nuthulu the Grappler (level 8, -12/89 HPs)
             Began as a Troll Monk on Mar 5, 2019.
             Was a Priest of Qazlal.
             Mangled by Sonja
             ... wielding a +6 dagger of distortion
              (16 damage)
             ... in the Dungeon (Sprint I: "Red Sonja").
             The game lasted 00:01:32 (539 turns).

nuthulu the Grappler (Troll Monk)                    Turns: 539, Time: 00:01:33

Health: -12/89     AC:  9    Str: 22    XL:     8   Next: 24%
Magic:  7/7        EV: 14    Int:  6    God:    Qazlal [***...]
Gold:   405        SH:  3    Dex: 12    Spells: 7/7 levels left

rFire    . . .     SeeInvis .     - Unarmed
rCold    . . .     Gourm    +   (no shield)
rNeg     . . .     Faith    .   i - +2 robe
rPois    .         Spirit   .   (helmet restricted)
rElec    .         Reflect  .   k - +0 cloak
rCorr    .         Harm     .   (gloves unavailable)
MR       .....     NoTele   +   (boots unavailable)
Stlth    +.........             (no amulet)
HPRegen  0.64/turn              (no ring)
MPRegen  0.10/turn              (no ring)

@: lethally poisoned (-12 -> -14), slowed, very slow
A: large, unfitting armour, claws 3, fast metabolism 3, gourmand, regeneration
1, shaggy fur 1, tough skin 3
a: Upheaval, Elemental Force, Renounce Religion


You were in the Dungeon.
You worshipped Qazlal.
Qazlal was most pleased with you.
You were not hungry.

You visited 1 branch You collected 405 gold pieces.

Inventory:

Armour
 a - a +0 robe
 i - a +2 robe (worn)
 k - a +0 cloak (worn)
Wands
 j - a wand of paralysis (3)
Scrolls
 h - a scroll of blinking
Potions
 c - a potion of curing
 d - a potion of heal wounds
 e - a potion of haste
 f - 3 potions of magic
 g - a potion of berserk rage
Comestibles
 b - 2 rations


   Skills:
 + Level 8.5 Fighting
 + Level 9.2 Dodging
 - Level 1.0 Stealth
 + Level 11.7 Unarmed Combat


You had 7 spell levels left.
You didn't know any spells.
Your spell library was empty.

Dungeon Overview and Level Annotations

Branches:
Dungeon (1/1)

Altars:
Cheibriados
Dithmenos
Elyvilon
Fedhas
Gozag
Hepliaklqana
Kikubaaqudgha
Makhleb
Nemelex Xobeh
Okawaru
Qazlal
Ru
Sif Muna
Trog
Uskayaw
Vehumet
Wu Jian
Xom
Yredelemnul
Zin
The Shining One
Jiyva
Lugonu

Shops:
D :

Annotations:
D Sonja


Innate Abilities, Weirdness & Mutations

You are too large for most types of armour.
You have claws for hands.
Your metabolism is lightning-fast.
You like to eat raw meat.
Your natural rate of healing is unusually fast.
You are covered in fur. (AC +1)
You have extremely tough skin. (AC +3)


Message History

You are more poisoned.
You have difficulty breathing.
You feel as though you will be slow longer.
There is an ornate altar of the Wu Jian Council here.
You see here a curare-tipped needle.
You feel sick.
Sonja unwields a +0 blowgun.
Sonja wields a +6 dagger of distortion.
Its appearance distorts for a moment.
You block Sonja's attack. Sonja hits you but does no damage.
Space warps horribly around you!
* * * LOW HITPOINT WARNING * * *
Sonja closely misses you. Sonja barely misses you. x3
You see here a curare-tipped needle.
You completely miss Sonja.
You feel sick.
Sonja hits you with a +6 dagger of distortion!
* * * LOW HITPOINT WARNING * * *
You feel a strange sense of stasis.
Sonja hits you with a +6 dagger of distortion!
* * * LOW HITPOINT WARNING * * *
Sonja hits you but does no damage. Space warps horribly around you!
You die...

##########################
#<.#..)..#..'..#__#..+§..#
#..').#..').#..'..'.[#)..#
#..#####'#####'#__####.§.+
#..####..#...#.#### ####
#..#__####..##)#
#..#_____##+#_.+
#⌠⌠#_.∩..((.@°_#
####_..__##K.#'#
#_____###'#.# #######
#.### $.$ $.$# ##.## #+#


You could see Sonja.

Vanquished Creatures
  2 kobold demonologists (D)
  A slime creature (D)
  Sigmund (D)
  A yak (D)
  A floating eye (D)
  An ogre (D)
  A jelly (D)
  Ijyb (D)
9 creatures vanquished.

Notes
Turn   | Place    | Note
-------+----------+-------------------------------------------
     0 | D        | nuthulu the Troll Monk began the quest for the Orb.
     0 | D        | Reached XP level 1. HP: 22/22 MP: 0/0
     1 | D        | Noticed Ijyb
    13 | D        | Killed Ijyb
    13 | D        | Reached skill level 4 in Unarmed Combat
    13 | D        | Reached XP level 2. HP: 25/31 MP: 1/1
    27 | D        | Noticed an ogre
    30 | D        | Killed an ogre
    30 | D        | Reached skill level 5 in Dodging
    30 | D        | Reached skill level 6 in Unarmed Combat
    30 | D        | Reached XP level 3. HP: 39/41 MP: 2/2
    30 | D        | Reached XP level 4. HP: 46/49 MP: 3/3
    46 | D        | Noticed Sigmund
    55 | D        | Killed Sigmund
    55 | D        | Reached skill level 8 in Unarmed Combat
    55 | D        | Reached XP level 5. HP: 55/59 MP: 4/4
   182 | D        | Found an ornate altar of the Wu Jian Council.
   182 | D        | Found a deep blue altar of Sif Muna.
   184 | D        | Found a radiant altar of Vehumet.
   190 | D        | Reached XP level 6. HP: 67/67 MP: 5/5
   209 | D        | Found Hodghoys's Book Emporium.
   209 | D        | Found an ancient bone altar of Kikubaaqudgha.
   209 | D        | Found a hazy altar of Hepliaklqana.
   209 | D        | Found a stormy altar of Qazlal.
   209 | D        | Found a hide-covered altar of Uskayaw.
   209 | D        | Found a blossoming altar of Fedhas.
   209 | D        | Found a bloodstained altar of Trog.
   209 | D        | Found an iron altar of Okawaru.
   209 | D        | Found a basalt altar of Yredelemnul.
   209 | D        | Found a glowing golden altar of the Shining One.
   209 | D        | Found a snail-covered altar of Cheibriados.
   209 | D        | Found a sacrificial altar of Ru.
   209 | D        | Found a glowing silver altar of Zin.
   209 | D        | Found a shadowy altar of Dithmenos.
   209 | D        | Found a white marble altar of Elyvilon.
   209 | D        | Noticed a yak
   213 | D        | Killed a yak
   213 | D        | Reached skill level 9 in Unarmed Combat
   214 | D        | Found an opulent altar of Gozag.
   215 | D        | Found a sparkling altar of Nemelex Xobeh.
   219 | D        | Became a worshipper of Qazlal Stormbringer
   219 | D        | Reached * piety under Qazlal
   219 | D        | Reached ** piety under Qazlal
   234 | D        | Found a viscous altar of Jiyva.
   234 | D        | Found a corrupted altar of Lugonu.
   234 | D        | Noticed a slime creature
   235 | D        | Found a burning altar of Makhleb.
   235 | D        | Found a shimmering altar of Xom.
   240 | D        | Killed a slime creature
   240 | D        | Reached skill level 10 in Unarmed Combat
   240 | D        | Reached XP level 7. HP: 55/78 MP: 6/6
   376 | D        | Noticed a kobold demonologist
   376 | D        | Noticed a kobold demonologist
   380 | D        | Noticed a ynoxinul
   386 | D        | Noticed a chaos spawn
   386 | D        | Killed a kobold demonologist
   386 | D        | Reached skill level 11 in Unarmed Combat
   401 | D        | Noticed a rust devil
   401 | D        | Killed a kobold demonologist
   401 | D        | Reached *** piety under Qazlal
   401 | D        | Reached XP level 8. HP: 74/89 MP: 7/7
   523 | D        | Noticed Sonja
   539 | D        | HP: 4/89 [Sonja/+6 dagger of distortion (7)]
   539 | D        | Mangled by Sonja

Skill      XL: |  1  2  3  4  5  6  7 |
---------------+----------------------+-----
Fighting       | 3 4 6 7 8 |  8.5
Dodging        | 3 5 6 8 9 |  9.2
Unarmed Combat | 4 6 8 10 11 | 11.7
Stealth        | |  1.0

Action                   |  1- 3 |  4- 6 |  7- 9 || total
-------------------------+-------+-------+-------++-------
Melee: Unarmed           |    13 |    13 |    27 ||    53
       Punch             |       |     1 |     1 ||     2
  Eat: Chunk             |       |     3 |       ||     3
Armor: Robe              |     1 |     4 |    14 ||    19
Dodge: Dodged            |     4 |     3 |    30 ||    37
Block: Other             |       |       |     3 ||     3
